 Dungeon Crawl Stone Soup version 0.24-a0-497-g5a03d68f59 (webtiles) character file.

Game seed: 8594315760402070793

19812 Northaan the Carver (level 12, -6/99 HPs)
             Began as a Demonspawn Fighter on July 13, 2019.
             Was a Priest of Makhleb.
             Succumbed to a redback's poison
             ... on level 4 of the Lair of Beasts.
             The game lasted 00:23:48 (18298 turns).

Northaan the Carver (Demonspawn Fighter)           Turns: 18298, Time: 00:23:49

Health: -6/99      AC: 15    Str: 27    XL:     12   Next: 39%
Magic:  20/20      EV: 22    Int: 10    God:    Makhleb [***...]
Gold:   991        SH: 10    Dex: 17    Spells: 11/11 levels left

rFire    . . .     SeeInvis .   y - +1 scimitar (freeze)
rCold    + + .     Gourm    .   c - +0 shield
rNeg     . . .     Faith    .   l - +0 ice dragon scales of a treasure trove {rF- rC++ Str+2 Dex+3}
rPois    .         Spirit   .   (no helmet)
rElec    +         Reflect  .   p - +0 cloak
rCorr    .         Harm     .   r - +1 pair of gloves
MR       .....                  (boots unavailable)
Stlth    ..........             t - amulet of the acrobat
HPRegen  0.26/turn              N - ring "Ideloto" {rElec rC+}
MPRegen  0.17/turn              m - ring of fire

@: mighty, lethally poisoned (-6 -> -140), acrobat
A: talons 3, yellow scales 1, powered by pain 1, rot immunity
a: Minor Destruction, Lesser Servant of Makhleb, Renounce Religion


You were on level 4 of the Lair of Beasts.
You worshipped Makhleb.
Makhleb was most pleased with you.
You were not hungry.

You visited 3 branches of the dungeon, and saw 15 of its levels.
You also visited: Ice Cave.

You collected 991 gold pieces.

Inventory:

Hand Weapons
 a - a +1 long sword
 y - a +1 scimitar of freezing (weapon)
Missiles
 e - 29 boomerangs
 i - 43 poisoned darts (quivered)
Armour
 b - a +0 scale mail
 c - a +0 shield (worn)
 k - a +0 plate armour
 l - the +0 ice dragon scales of a treasure trove (worn) {rF- rC++ Str+2 Dex+3}
   (You found it in an ice cave)

   It affects your strength (+2).
   It affects your dexterity (+3).
   It makes you vulnerable to fire.
   It greatly protects you from cold.
 p - a +0 cloak (worn)
 r - a +1 pair of gloves (worn)
 s - a +3 leather armour of poison resistance
 D - a +1 ring mail of cold resistance
Jewellery
 m - a ring of fire (right hand)
 o - an uncursed ring of wizardry
 t - an amulet of the acrobat (around neck)
 A - an uncursed ring of flight
 N - the ring "Ideloto" (left hand) {rElec rC+}
   (You found it in an ice cave)

   [ring of protection from cold]

   It protects you from cold.
   It insulates you from electricity.
Wands
 d - a wand of enslavement (5)
 w - a wand of flame (1)
 x - a wand of polymorph (6)
 z - a wand of digging (4)
 C - a wand of random effects (29)
 E - a wand of paralysis (19)
 F - a wand of acid (4)
 J - a wand of iceblast (8)
Scrolls
 h - 3 scrolls of enchant weapon
 j - 8 scrolls of teleportation
 n - 20 scrolls of identify
 q - 4 scrolls of remove curse
 v - a scroll of magic mapping
 H - 3 scrolls of blinking
 Q - a scroll of enchant armour
Potions
 g - 3 potions of haste
 u - 3 potions of brilliance
 B - a potion of agility
 G - a potion of invisibility
 I - a potion of might
 K - a potion of heal wounds
 L - 2 potions of lignification
 O - a potion of flight
 P - 2 potions of degeneration {unknown}
Miscellaneous
 M - a phial of floods (inert)
Comestibles
 f - 23 rations
 R - 2 chunks of flesh


   Skills:
 + Level 10.9 Fighting
 * Level 13.3 Long Blades
 - Level 2.6 Armour
 - Level 2.6 Shields
 + Level 11.8 Invocations
 - Level 4.0 Evocations


You had 11 spell levels left.
You didn't know any spells.
Your spell library contained the following spells:

 Spells                   Type           Power        Failure   Level  Hunger
 Apportation              Tloc           #.....       99%         1    ##.....
 Freeze                   Ice            #...         99%         1    ##.....
 Magic Dart               Conj           #...         99%         1    ##.....
 Shock                    Conj/Air       #...         99%         1    ##.....
 Sting                    Conj/Pois      #...         99%         1    ##.....
 Summon Butterflies       Summ           #.......     99%         1    ##.....
 Blink                    Tloc           N/A          100%        2    ###....
 Call Imp                 Summ           #.......     100%        2    ###....
 Poisonous Vapours        Pois/Air       #.....       100%        2    ###....
 Shroud of Golubria       Chrm/Tloc      #.....       100%        2    ###....
 Slow                     Hex            #.......     100%        2    ###....
 Sticks to Snakes         Tmut           #.......     100%        2    ###....
 Swiftness                Chrm/Air       #.......     100%        2    ###....
 Conjure Flame            Conj/Fire      #.......     100%        3    ####...
 Lesser Beckoning         Tloc           #.........   100%        3    ####...
 Mephitic Cloud           Conj/Pois/Air  #.......     100%        3    ####...
 Static Discharge         Conj/Air       #.......     100%        3    ####...
 Teleport Other           Tloc           #.......     100%        3    ####...
 Tukima's Dance           Hex            #.......     100%        3    ####...
 Airstrike                Air            #.........   100%        4    #####..
 Olgreb's Toxic Radiance  Pois           #.......     100%        4    #####..
 Passage of Golubria      Tloc           N/A          100%        4    #####..
 Alistair's Intoxication  Tmut/Pois      #.......     100%        5    ######.
 Lightning Bolt           Conj/Air       #.........   100%        5    ######.
 Venom Bolt               Conj/Pois      #.........   100%        5    ######.
 Freezing Cloud           Conj/Ice/Air   #.........   100%        6    #######
 Invisibility             Hex            #.......     100%        6    #######
 Simulacrum               Ice/Necr       #.........   100%        6    #######


Dungeon Overview and Level Annotations

Branches:
Dungeon (10/15)            Temple (1/1) D:5            Lair (4/6) D:8
    Orc (0/2) D:10
  Swamp: Lair:2-4    Shoals: Lair:2-4     Snake: Lair:2-4    Spider: Lair:2-4

Altars:
Ashenzari
Cheibriados
Dithmenos
Elyvilon
Fedhas
Gozag
Hepliaklqana
Kikubaaqudgha
Makhleb
Nemelex Xobeh
Okawaru
Qazlal
Ru
Sif Muna
Trog
Uskayaw
Vehumet
Wu Jian
Xom
Yredelemnul
Zin
The Shining One

Annotations:
D:1 exclusion: downstairs
Lair:3 1 runed translucent door, exclusion: 2 oklob plants, nikopol's ghost, journeyman DEFE
Lair:4 3 runed translucent doors


Innate Abilities, Weirdness & Mutations

You have claws for feet.
You are partially covered in yellow scales. (AC +2)
You sometimes gain a little power by taking damage.
You are immune to rotting.


Message History

You are more poisoned.
The redback poisons you! The redback bites you!
You are more poisoned.
The redback poisons you! The komodo dragon bites you!!
* * * LOW HITPOINT WARNING * * *
You focus on the pain.
You feel very mighty all of a sudden.
Your smoke demon gestures at the redback.
The ball of steam hits the redback!!
The redback dies!
Makhleb accepts your kill.
The ball of steam hits the komodo dragon!!
* * * LOW HITPOINT WARNING * * *
You feel extremely sick.
The komodo dragon is engulfed in a cloud of scalding steam.
The redback bites you.
* * * LOW HITPOINT WARNING * * *
You see here a jumping spider corpse.
Unknown command.
You die...

.......................+
....................†...+
...................<....#
................÷.......#
...#...................#
P##..............P.#.#..
#.............P####...
###.......#..### ###
#.3.@....##. ###†3...##.#
#sls.#### #§..## §...#
##..## #..# ...≈ ...≈


You could see a komodo dragon, 2 redbacks, a friendly smoke demon and a friendly
ynoxinul.

Vanquished Creatures
  Fannar (Lair:1)
  Josephine (D:10)
  The ghost of hitsuchi the Fighter, a journeyman GnWn of Ashenzari (Lair:1)
  A deep elf mage (D:10)
  2 ugly things (IceCv)
  A black mamba (Lair:3)
  3 ice statues (IceCv)
  Joseph (D:10)
  6 spiny frogs
  A rime drake (Lair:1)
  A komodo dragon (Lair:2)
  A jumping spider (Lair:4)
  A troll (D:9)
  A hornet (D:10)
  A polar bear (Lair:1)
  A merfolk (D:10)
  A hippogriff (D:10)
  3 spriggans (Lair:1)
  5 wraiths (D:10)
  14 yaks (D:10)
  A basilisk (Lair:3)
  Grum (D:8)
  A hungry ghost (D:10)
  Eustachio (D:4)
  5 vampire mosquitoes
  3 water moccasins
  Duvessa (D:7)
  3 porcupines
  3 orc warriors
  An eye of draining (D:9)
  2 sky beasts
  11 ice beasts
  A black bear (D:2)
  2 phantoms
  3 ogres
  9 wolves
  2 centaurs
  8 crocodiles
  A big kobold (D:9)
  6 bullfrogs
  Dowan (D:7)
  A wyvern skeleton (D:9)
  4 scorpions
  A water moccasin skeleton (D:10)
  7 killer bees
  4 wights (D:8)
  2 electric eels
  3 crimson imps
  A centaur zombie (D:10)
  A quasit (D:6)
  5 orc priests
  4 hounds
  A jelly (D:5)
  3 orc wizards
  A centaur skeleton (D:4)
  3 bullfrog skeletons
  3 iguanas
  8 worker ants
  A hound skeleton (D:7)
  A howler monkey skeleton (D:7)
  15 adders
  3 shadow imps
  An ooze (D:2)
  An adder zombie (D:9)
  2 adder skeletons (D:7)
  4 worms
  2 dart slugs (D:2)
  4 leopard geckos
  44 orcs
  5 bats
  7 giant cockroaches
  5 goblins
  7 hobgoblins
  3 jackals (D:6)
  8 quokkas
  4 frilled lizards (D:1)
  A jackal skeleton (D:5)
  13 kobolds
  A leopard gecko skeleton (D:7)
  A quokka skeleton (D:4)
  A quokka zombie (D:6)
  4 rats
303 creatures vanquished.

Vanquished Creatures (collateral kills)
  A hydra (Lair:1)
  A redback (Lair:4)
  A water moccasin (Lair:1)
  A killer bee (D:9)
  A plant (Lair:1)
5 creatures vanquished.

Vanquished Creatures (others)
  A bullfrog (D:9)
  A quasit (D:9)
  An orc wizard (D:9)
  2 orcs (D:9)
  2 fungi (Lair:1)
  5 plants (Lair:1)
12 creatures vanquished.

Grand Total: 320 creatures vanquished

Notes
Turn   | Place    | Note
-------+----------+-------------------------------------------
     0 | D:1      | Northaan the Demonspawn Fighter began the quest for the
                  | Orb.
     0 | D:1      | Reached XP level 1. HP: 18/18 MP: 1/1
   149 | D:1      | Reached skill level 2 in Long Blades
   192 | D:1      | Gained mutation: You are partially covered in yellow
                  | scales. (AC +2) [demonic ancestry]
   192 | D:1      | Reached XP level 2. HP: 24/24 MP: 2/2
   653 | D:1      | Found a sparkling altar of Nemelex Xobeh.
   721 | D:2      | Reached skill level 3 in Long Blades
   721 | D:2      | Gained mutation: You sometimes gain a little power by
                  | taking damage. [demonic ancestry]
   721 | D:2      | Reached XP level 3. HP: 21/29 MP: 3/3
   732 | D:2      | Gained mutation: You have sharp toenails. [demonic
                  | ancestry]
   732 | D:2      | Reached XP level 4. HP: 9/37 MP: 4/4
  1043 | D:2      | Noticed a black bear
  1134 | D:2      | Killed a black bear
  1134 | D:2      | Reached skill level 4 in Long Blades
  1134 | D:2      | Reached XP level 5. HP: 11/42 MP: 5/5
  1882 | D:3      | Found a faded altar of an unknown god.
  1906 | D:3      | Became a worshipper of Sif Muna the Loreminder
  1906 | D:3      | Reached * piety under Sif Muna
  1907 | D:3      | Fell from the grace of Sif Muna
  1963 | D:3      | Gained mutation: You are immune to rotting. [demonic
                  | ancestry]
  1963 | D:3      | Reached XP level 6. HP: 49/49 MP: 6/6
  2014 | D:3      | Reached skill level 5 in Long Blades
  2980 | D:4      | Reached skill level 5 in Fighting
  3322 | D:4      | Noticed Eustachio
  3737 | D:5      | Entered Level 5 of the Dungeon
  3751 | D:5      | Gained mutation: You have razor-sharp toenails. [demonic
                  | ancestry]
  3751 | D:5      | Reached XP level 7. HP: 38/56 MP: 7/7
  3936 | D:4      | Killed Eustachio
  3936 | D:4      | Reached skill level 6 in Long Blades
  3957 | D:5      | Found a staircase to the Ecumenical Temple.
  3968 | Temple   | Entered the Ecumenical Temple
  4167 | Temple   | Became a worshipper of Makhleb the Destroyer
  4636 | D:5      | Reached skill level 1 in Invocations
  5452 | D:6      | Reached skill level 7 in Long Blades
  5452 | D:6      | Reached XP level 8. HP: 60/64 MP: 9/9
  5502 | D:6      | Reached * piety under Makhleb
  6173 | D:6      | Reached skill level 8 in Long Blades
  6309 | D:6      | You fall into a shaft and drop 3 floors!
  6324 | D:9      | Noticed a troll
  6426 | D:9      | Reached skill level 5 in Invocations
  6508 | D:9      | Reached skill level 1 in Evocations
  6508 | D:9      | Reached XP level 9. HP: 70/71 MP: 12/12
  6555 | D:9      | Killed a troll
  6949 | D:7      | Noticed Duvessa
  6949 | D:7      | Noticed Dowan
  6980 | D:7      | Killed Duvessa
  6980 | D:7      | Reached ** piety under Makhleb
  7284 | D:7      | Reached skill level 9 in Long Blades
  8001 | D:7      | Killed Dowan
  8274 | D:8      | Noticed Grum
  8283 | D:8      | Killed Grum
  8530 | D:8      | Found a staircase to the Lair.
  9721 | D:9      | Reached XP level 10. HP: 78/80 MP: 4/15
  9724 | D:9      | Found an opulent altar of Gozag.
  9902 | D:9      | Was forgiven by Sif Muna
  9934 | D:9      | HP: 4/80 [poisoned by a killer bee]
  9939 | D:9      | HP: 3/80 [poisoned by a killer bee]
  9946 | D:9      | HP: 3/80 [poisoned by a killer bee]
  9954 | D:9      | HP: 3/80 [poisoned by a killer bee]
 10592 | D:10     | Entered Level 10 of the Dungeon
 10717 | D:10     | Noticed a deep elf mage
 10756 | D:10     | Reached skill level 10 in Long Blades
 11181 | D:10     | Found Icial's Armour Emporium.
 11184 | D:10     | Found a staircase to the Orcish Mines.
 11879 | D:10     | Reached *** piety under Makhleb
 11879 | D:10     | Reached skill level 11 in Long Blades
 12045 | D:10     | Noticed Joseph
 12069 | D:10     | Killed Joseph
 12069 | D:10     | Reached XP level 11. HP: 84/89 MP: 16/18
 12113 | D:10     | Noticed Josephine
 12126 | D:10     | Killed Josephine
 12283 | D:10     | Killed a deep elf mage
 12349 | Lair:1   | Entered Level 1 of the Lair of Beasts
 12370 | Lair:1   | Reached skill level 10 in Invocations
 12583 | Lair:1   | Noticed a six-headed hydra
 12594 | Lair:1   | Killed a six-headed hydra
 12613 | Lair:1   | Found a frozen archway.
 12623 | IceCv    | Entered an ice cave
 12798 | IceCv    | Reached skill level 12 in Long Blades
 12865 | IceCv    | Noticed a white ugly thing
 12878 | IceCv    | Killed a white ugly thing
 13885 | IceCv    | Reached skill level 10 in Fighting
 14270 | IceCv    | Noticed a white ugly thing
 14291 | IceCv    | Killed a white ugly thing
 14417 | IceCv    | Got pitted ice dragon scales
 14425 | IceCv    | Got a serpentine silver ring
 14427 | IceCv    | Identified the +0 ice dragon scales of a treasure trove
                  | {rF- rC++ Str+2 Dex+3} (You found it in an ice cave)
 14428 | IceCv    | Identified the ring "Ideloto" {rElec rC+} (You found it in
                  | an ice cave)
 14742 | Lair:1   | Noticed Fannar
 14792 | Lair:1   | Killed Fannar
 15522 | Lair:1   | Found a runed translucent door.
 15523 | Lair:1   | Noticed hitsuchi's ghost (journeyman GnWn)
 15523 | Lair:1   | Identified the +6 trident of Xom's Delight {freeze, rElec
                  | Stlth+}
 15852 | Lair:1   | Gained mutation: You have claws for feet. [demonic
                  | ancestry]
 15852 | Lair:1   | Reached XP level 12. HP: 98/98 MP: 20/20
 15881 | Lair:1   | Killed hitsuchi's ghost
 16165 | Lair:1   | Identified Jeiretwa's Handbook of Orientation
 16695 | Lair:2   | Reached skill level 13 in Long Blades
 17350 | Lair:2   | Identified the Handbook of Congealing Moulding
 17592 | Lair:3   | Found a runed translucent door.
 17592 | Lair:3   | Noticed nikopol's ghost (journeyman DEFE)
 17661 | Lair:3   | Found a white marble altar of Elyvilon.
 18208 | Lair:4   | Found a runed translucent gate.
 18208 | Lair:4   | Found a runed translucent gate.
 18208 | Lair:4   | Found a runed translucent gate.
 18238 | Lair:4   | Reached **** piety under Makhleb
 18297 | Lair:4   | HP: 3/99 [redback (5)]
 18298 | Lair:4   | Succumbed to a redback's poison

Levels and vault maps discovered:
D:1:      dpeg_arrival_rooms_b, layout_basic, nemelex_diamond_rough_becter
D:2:      layout_rooms
D:3:      layout_basic, chequers_ecumenical_altar_grove, first_ration
D:4:      layout_loops_cross, uniq_eustachio
D:5:      layout_layer_cave, minmay_temple_entry_crystal_x
D:6:      layout_basic
D:7:      layout_basic, uniq_duvessa
D:8:      layout_loops_ring, lair_entry_dummy, uniq_grum
D:9:      layout_long_grid, grunt_gozag_breadcrumbs
D:10:     layout_roguey, orc_david_3, hangedman_stone_soup,
          nicolae_straight_to_the_point, uniq_josephine, uniq_joseph
Temple:   kilobyte_greek_temple
Lair:1:   layout_cave_pods, ebering_ghost_funeral_grove,
          portal_ice_cave_entry_pillars_2, serial_bayou_shore_a, uniq_fannar
Lair:2:   layout_cave_pods
Lair:3:   layout_chaotic_city, basic_altar, ebering_ghost_reflecting_pool,
          infiniplex_staircase_pool, minmay_lair_oklob_chamber,
          grunt_megastairs_4
Lair:4:   layout_hall_layers, minmay_swamp_entry_swarm,
          nicolae_spider_entry_tight_spaces, gammafunk_ghost_icy,
          kennysheep_abandoned_house, uniq_urug, uniq_sonja

Skill      XL: |  1  2  3  4  5  6  7  8  9 10 11 12 |
---------------+-------------------------------------+-----
Long Blades    | 2 3 4 5 7 8 9 11 12 13 | 13.3
Fighting       | 4 5 6 7 9 10 | 10.9
Invocations    | 2 5 7 9 11 | 11.8
Evocations     | 1 3 4 |  4.0
Armour         | |  2.6
Shields        | |  2.6

Action                   |  1- 3 |  4- 6 |  7- 9 | 10-12 || total
-------------------------+-------+-------+-------+-------++-------
Melee: Long sword        |    74 |   232 |   470 |       ||   776
       Kick              |       |    64 |   158 |   247 ||   469
       Scimitar          |       |       |    48 |   659 ||   707
Throw: Boomerang         |       |       |     5 |       ||     5
       Dart              |       |       |       |     1 ||     1
Invok: Renounce Religion |       |     1 |       |       ||     1
       Minor Destruction |       |       |       |     9 ||     9
       Lesser Servant of |       |       |       |     6 ||     6
Evoke: Wand              |       |       |     4 |    23 ||    27
       Phial of floods   |       |       |       |     1 ||     1
  Use: Potion            |     1 |     2 |     8 |     1 ||    12
       Scroll            |       |     9 |     3 |     9 ||    21
 Stab: Invisible         |       |     2 |       |       ||     2
       Paralysed         |       |       |       |    10 ||    10
       Distracted        |       |       |       |     1 ||     1
  Eat: Chunk             |       |    10 |    12 |    15 ||    37
       Ration            |       |       |     2 |     6 ||     8
Armor: Scale mail        |    55 |    12 |       |       ||    67
       Plate armour      |       |   134 |   382 |   174 ||   690
       Ring mail         |       |       |       |    51 ||    51
       Ice dragon scales |       |       |       |   110 ||   110
Dodge: Dodged            |    29 |    39 |   126 |   160 ||   354
Block: Shield            |    44 |   129 |   282 |   291 ||   746
       Rpst.: Long sword |     7 |    11 |    24 |       ||    42
       Scimitar          |       |       |     2 |    42 ||    44

Table legend:
 A = Non-vault XP
 B = Vault XP
 C = Vault XP percentage of total XP
 D = Non-vault monster count
 E = Vault monster count
 F = Vault count percentage of total count
                 A         B        C        D         E       F
            +---------+---------+-------+---------+---------+-------
      Total |   16458 |   11845 |  41.9 |     259 |      49 |  15.9
            +---------+---------+-------+---------+---------+-------
        D:1 |      30 |       0 |   0.0 |      19 |       0 |   0.0
        D:2 |     257 |       0 |   0.0 |      22 |       0 |   0.0
        D:3 |     249 |       0 |   0.0 |      33 |       0 |   0.0
        D:4 |     190 |     191 |  50.1 |      11 |       1 |   8.3
        D:5 |     470 |       0 |   0.0 |      19 |       0 |   0.0
        D:6 |    1156 |       0 |   0.0 |      27 |       0 |   0.0
        D:7 |     581 |     234 |  28.7 |      22 |       2 |   8.3
        D:8 |     626 |     425 |  40.4 |      14 |       3 |  17.6
        D:9 |    1806 |       0 |   0.0 |      26 |       0 |   0.0
       D:10 |    4526 |    3566 |  44.1 |      33 |      18 |  35.3
     Lair:1 |    3281 |    2867 |  46.6 |      17 |       7 |  29.2
     Lair:2 |    1823 |       0 |   0.0 |       9 |       0 |   0.0
     Lair:3 |    1358 |     552 |  28.9 |       6 |       3 |  33.3
     Lair:4 |     105 |     826 |  88.7 |       1 |       4 |  80.0
      IceCv |       0 |    3184 | 100.0 |       0 |      11 | 100.0
            +---------+---------+-------+---------+---------+-------
